 Dungeon Crawl Stone Soup version 0.32-a0-931-g5a2cda0630 (webtiles) character file.

Game seed: 7199022553641210206

65414 jasper the Blocker (level 15, -1/92 HPs)
             Began as a Tengu Air Elementalist on Apr 13, 2024.
             Was a High Priest of Vehumet.
             Slain by an ogre
             ... wielding a +0 giant club
              (25 damage)
             ... on level 2 of the Orcish Mines.
             The game lasted 00:39:53 (27620 turns).

jasper the Blocker (Tengu Air Elementalist)        Turns: 27620, Time: 00:39:53

Health: -1/92      AC:  6    Str: 18    XL:     15   Next: 16%
Magic:  8/28       EV: 18    Int: 29    God:    Vehumet [*****.]
Gold:   1594       SH: 11    Dex: 11    Spells: 1/31 levels left

rFire   + + .        y - staff of cold
rCold   + . .        E - +0 kite shield
rNeg    . . .        J - +0 steam dragon scales
rPois   +            (helmet restricted)
rElec   .            (no cloak)
rCorr   .            g - +0 pair of gloves of the Game Afoot {rPois Regen+ Str+6}
SInv    .            (boots unavailable)
Will    +++..        q - amulet of regeneration
Stlth   ++           C - ring "Ukienigg" {rPois rF+ Will+ Int+2 Dex-5}
HPRegen 1.95/turn    M - ring of New Discoveries {rF+ Will+ Str+3 Int+6}
MPRegen 0.21/turn

%: acrobat
@: flying, hasted, studying Staves, very quick
A: beak, talons 3, evasive flight, acrobatic
a: Renounce Religion


You were on level 2 of the Orcish Mines.
You worshipped Vehumet.
Vehumet was extremely pleased with you.
You visited 4 branches of the dungeon, and saw 20 of its levels.
You also visited: Bailey.

You collected 1633 gold pieces.
You spent 39 gold pieces at shops.

Inventory:

Missiles
 d - 150 stones
 e - 10 javelins
 m - 3 throwing nets
 I - 40 poisoned darts
Armour
 g - the +0 pair of gloves of the Game Afoot (worn) {rPois Regen+ Str+6}
   (You found it in a bailey)

   Str+6:     It affects your strength (+6).
   rPois:     It protects you from poison.
   Regen+:    It increases your rate of health regeneration.
 E - a +0 kite shield (worn)
 J - +0 steam dragon scales (worn)
Magical Staves
 y - a staff of cold (weapon)
Jewellery
 c - a ring of fire
 q - an amulet of regeneration (around neck)
 w - a ring of fire
 x - the amulet of Ferchuelo {Faith Int+3}
   (You found it on level 5 of the Lair of Beasts)

   [amulet of faith]

   Faith:     It allows you to gain divine favour quickly.
   Int+3:     It affects your intelligence (+3).
 C - the ring "Ukienigg" (left hand) {rPois rF+ Will+ Int+2 Dex-5}
   (You found it on level 6 of the Dungeon)

   [ring of willpower]

   Int+2:     It affects your intelligence (+2).
   Dex-5:     It affects your dexterity (-5).
   rF+:       It protects you from fire.
   rPois:     It protects you from poison.
   Will+:     It increases your willpower.
 H - a ring of fire
 L - a ring of fire
 M - the ring of New Discoveries (right hand) {rF+ Will+ Str+3 Int+6}
   (You found it on level 9 of the Dungeon)

   [ring of intelligence]

   Str+3:     It affects your strength (+3).
   Int+6:     It affects your intelligence (+6).
   rF+:       It protects you from fire.
   Will+:     It increases your willpower.
 V - a +5 ring of evasion
Talismans
 S - a granite talisman
Wands
 j - a wand of warping (27)
 s - a wand of flame (18)
 F - a wand of paralysis (6)
 P - a wand of digging (8)
 W - a wand of mindburst (9)
 X - a wand of polymorph (3)
Scrolls
 b - a scroll of silence
 f - 3 scrolls of fog
 k - 2 scrolls of enchant armour
 l - 3 scrolls of enchant weapon
 p - 3 scrolls of fear
 t - 4 scrolls of teleportation
 B - 4 scrolls of vulnerability
 D - 2 scrolls of identify
 G - 2 scrolls of revelation
 N - 2 scrolls of noise
 Y - 3 scrolls of immolation
 Z - a scroll of brand weapon
Potions
 h - 12 potions of degeneration
 i - 7 potions of curing
 n - 2 potions of berserk rage
 o - 5 potions of resistance
 r - a potion of mutation
 u - 4 potions of attraction
 v - 2 potions of enlightenment
 z - 3 potions of brilliance
 K - 2 potions of lignification
 O - 6 potions of ambrosia
 R - a potion of haste
 T - 3 potions of might
 U - a potion of invisibility
Miscellaneous
 A - a condenser vane
 Q - a phantom mirror


   Skills:
 - Level 10.0 Fighting
 - Level 10.4 Dodging
 - Level 2.0 Stealth
 - Level 12.0 Shields
 - Level 8.5 Spellcasting
 - Level 6.0 Conjurations
 - Level 3.0 Summonings
 - Level 6.0 Fire Magic
 - Level 12.0 Air Magic
 + Level 11.3 Shapeshifting


You had one spell level left.
You knew the following spells:

 Your Spells              Type           Power      Damage    Failure   Level
a - Plasma Beam           Fire/Air       29%        2x1d42    9%          6
c - Swiftness             Air            70%        N/A       1%          3
d - Airstrike             Air            35%        2d(5-21)  1%          4
e - Summon Lightning Spi  Summ/Air       54%        N/A       3%          4
f - Mephitic Cloud        Conj/Alch/Air  47%        N/A       1%          3
g - Fireball              Conj/Fire      23%        3d11      5%          5
h - Freezing Cloud        Conj/Ice/Air   31%        6-21      5%          5

Your spell library contained the following spells:

 Spells                   Type           Power      Damage    Failure   Level
 Starburst                Conj/Fire      23%        6d8       26%         6
 Magic Dart               Conj           100%       1d8       1%          1
 Shock                    Conj/Air       100%       1d9       1%          1
 Sting                    Conj/Alch      100%       1d9       1%          1
 Freeze                   Ice            72%        1d8       2%          1
 Summon Small Mammal      Summ           100%       N/A       2%          1
 Apportation              Tloc           24%        N/A       9%          1
 Necrotise                Necr           48%        1d6       9%          1
 Slow                     Hex            48%        N/A       9%          1
 Mercury Vapours          Alch/Air       94%        N/A       1%          2
 Scorch                   Fire           94%        2d8       1%          2
 Static Discharge         Conj/Air       100%       3-8/arc   1%          2
 Hailstorm                Conj/Ice       44%        3d9       1%          3
 Flame Wave               Conj/Fire      47%        2d12      1%          4
 Call Imp                 Summ           58%        N/A       3%          2
 Iskenderun's Battlesphe  Conj           47%        2d10      5%          5
 Frozen Ramparts          Ice            36%        1d6       7%          3
 Vhi's Electric Charge    Tloc/Air       94%        N/A       7%          4
 Blink                    Tloc           24%        N/A       12%         2
 Lesser Beckoning         Tloc           24%        N/A       12%         2
 Confusing Touch          Hex            12%        N/A       24%         3
 Maxwell's Portable Pile  Tloc           12%        2d(6-17)  24%         3
 Teleport Other           Tloc           12%        N/A       24%         3
 Vampiric Draining        Necr           12%        2d6       24%         3
 Animate Armour           Summ/Erth      42%        N/A       41%         4
 Lee's Rapid Deconstruct  Erth           6%         3d6*      47%         5
 Cause Fear               Hex            6%         N/A       63%         4
 Leda's Liquefaction      Alch/Erth      6%         N/A       63%         4
 Passage of Golubria      Tloc           12%        N/A       63%         4
 Bombard                  Conj/Erth      14%        9d3       63%         6
 Spellforged Servitor     Conj/Summ      19%        N/A       92%         7
 Permafrost Eruption      Ice/Erth       9%         2x4d3     95%         6
 Summon Cactus Giant      Summ           14%        N/A       98%         6
 Dispersal                Tloc           6%         N/A       100%        6
 Gell's Gavotte           Tloc           6%         2d(14-20) 100%        6
 Malign Gateway           Summ/Tloc      10%        N/A       100%        7
 Manifold Assault         Tloc           6%         N/A       100%        7
 Disjunction              Tloc           6%         N/A       100%        8
 Chain Lightning          Conj/Air       29%        3d39      100%        9
 Dragon's Call            Summ           14%        N/A       100%        9


Dungeon Overview and Level Annotations

Branches:
Dungeon (12/15)            Temple (1/1) D:4            Lair (5/5) D:8
  Swamp (0/4) Lair:2       Spider (0/4) Lair:2        Slime (0/5) Lair:5
    Orc (2/2) D:11            Elf (0/3) Orc:2        Bailey (visited)

Altars:
Ashenzari
Cheibriados
Dithmenos
Elyvilon
Fedhas
Gozag
Hepliaklqana
Kikubaaqudgha
Makhleb
Nemelex Xobeh
Okawaru
Qazlal
Ru
Sif Muna
Trog
Uskayaw
Vehumet
Wu Jian
Xom
Yredelemnul
Zin
The Shining One
Jiyva

Shops:
D:6 *:   Orc:2 !(


Innate Abilities, Weirdness & Mutations

You have a beak for a mouth.
You have claws for feet.
Your magical flight helps you evade attacks. (EV +4)
You can magically evade attacks while moving or waiting.


Message History

You regained 2 hp, and now have 66/92 hp.
You regained 2 mp, and now have 6/28 mp.
You block the two-headed ogre's attack.
The two-headed ogre completely misses you.
You block the two-headed ogre's attack.
The two-headed ogre completely misses you.
You hear some strange, mumbled words.
The ogre seems to speed up.
The two-headed ogre is engulfed in freezing vapours.
The orc warrior is engulfed in freezing vapours.
Vehumet accepts your kill.
You feel your power returning.
Reactivating autopickup.
You feel a bit more experienced.
The orc priest looks braver for a moment.
The kobold blastminer shoots an arrow.
The arrow completely misses you.
You regained 2 hp, and now have 68/92 hp.
The two-headed ogre attacks as it pursues you!
You block the two-headed ogre's attack.
The two-headed ogre completely misses you. x3
The orc priest begins to cast a cantrip, but forgets the words!
The kobold blastminer blasts its cannon at you.
The iron shot hits you!!!
Ouch! That really hurt!
* * * LOW HITPOINT WARNING * * *
You take 45 damage, and have 23/92 hp.
MASSIVE DAMAGE!!
The two-headed ogre attacks as it pursues you!
You block the two-headed ogre's attack.
The two-headed ogre hits you with a +0 giant club.
* * * LOW HITPOINT WARNING * * *
The ogre completely misses you. The two-headed ogre misses you.
You block the two-headed ogre's attack.
The kobold blastminer shoots a bolt.
The bolt completely misses you.
You take 1 damage, and have 22/92 hp.
Okay, then.
Okay, then.
You feel yourself speed up. The two-headed ogre misses you.
You block the two-headed ogre's attack.
The ogre hits you with a +0 giant club!!
You die...

......))†...........
.....oO)O<§§..#....
......)$o§§§..#....
...oTC)To§§§.#...$...
...∩O..TO..O.o.......
....OKT#T{..o)).#....
.....K§...o..........
..>....OOO.....#.....
........@O..........#
.........O..........
........o..#.....##.
................#
.................
...........#.#.#.
............###.
...........##


You could see an orc knight, 4 two-headed ogres, 2 deep trolls, a cyclops, 2
kobold blastminers, 3 trolls, 3 orc warriors, 7 ogres, 2 orc priests and 2 orcs.

Vanquished Creatures
  3 hydras
  A boulder beetle (Lair:5)
  7 two-headed ogres
  2 death yaks (Lair:5)
  2 skysharks
  A goliath frog (Lair:5)
  An orc knight (Bailey)
  A lindwurm (Lair:4)
  A deep elf pyromancer (D:11)
  4 oklob plants (Lair:3)
  3 cyclopes
  A faun (Lair:5)
  A manticore (D:12)
  3 meliai (Lair:4)
  A kobold blastminer (Orc:2)
  7 elephants
  6 black mambas
  21 cane toads
  A gargoyle (D:12)
  7 komodo dragons
  4 rime drakes
  4 trolls
  3 polar bears
  A queen bee (Lair:4)
  Grinder (D:6)
  A tyrant leech (Lair:5)
  9 blink frogs
  Sigmund (D:6)
  2 wraiths
  3 shadows
  5 wyverns
  24 yaks
  6 basilisks
  2 redbacks (Lair:2)
  2 wargs
  A steam dragon (D:8)
  3 vampire mosquitoes (Lair:5)
  7 water moccasins
  A nameless horror (D:12)
  2 acid dragons
  A swamp drake (D:11)
  2 sky beasts (D:7)
  3 ice beasts
  4 black bears
  6 ogres (Orc:2)
  14 orc warriors
  3 centaurs
  4 wolves (Lair:1)
  5 kobold brigands
  24 bullfrogs
  2 gnoll sergeants
  3 scorpions
  7 wights
  16 killer bees
  4 howler monkeys
  4 bombardier beetles
  7 hounds
  7 jellies
  4 orc priests
  A sleepcap (D:5)
  8 iguanas
  11 orc wizards
  8 gnolls
  14 adders
  4 white imps
  2 ufetubi (D:6)
  7 dart slugs
  4 ribbon worms
  43 orcs
  8 endoplasms
  3 giant cockroaches
  13 goblins
  7 hobgoblins
  16 jackals
  8 quokkas
  5 ball pythons
  6 bats
  2 frilled lizards (D:2)
  38 kobolds
  3 rats
487 creatures vanquished.

Vanquished Creatures (collateral kills)
  A hydra (Lair:4)
  A catoblepas (Lair:4)
  2 two-headed ogres
  A death yak (Lair:5)
  Urug (Lair:1)
  2 skysharks
  A goliath frog (Lair:5)
  A cyclops (D:11)
  7 elephants
  A kobold blastminer (Orc:2)
  A torpor snail (Lair:5)
  A black mamba (Lair:5)
  4 cane toads
  2 komodo dragons
  A rime drake (Lair:3)
  A troll (D:12)
  2 jumping spiders (Lair:2)
  A hornet (D:8)
  5 blink frogs
  11 yaks
  2 steam dragons (D:9)
  2 basilisks
  A redback (Lair:2)
  5 vampire mosquitoes
  An acid dragon (D:10)
  7 water moccasins
  2 ogres
  A bullfrog (Lair:2)
  A scorpion (Lair:2)
  9 wights
  7 killer bees
  A howler monkey (D:12)
  An orc priest (D:11)
  An orc wizard (D:11)
  A gnoll (D:10)
  6 orcs
  3 kobolds
98 creatures vanquished.

Grand Total: 585 creatures vanquished

Notes
Turn   | Place    | Note
-------+----------+-------------------------------------------
     0 | D:1      | jasper the Tengu Air Elementalist began the quest for the
                  | Orb.
     0 | D:1      | Reached XP level 1. HP: 10/10 MP: 4/4
   143 | D:1      | Got the Incunable of Smouldering Places
   377 | D:1      | Reached XP level 2. HP: 15/15 MP: 4/6
   380 | D:1      | Learned a level 2 spell: Static Discharge
   648 | D:1      | Reached skill level 5 in Air Magic
   977 | D:1      | Reached XP level 3. HP: 19/19 MP: 2/7
  1804 | D:2      | Reached XP level 4. HP: 20/24 MP: 0/8
  2107 | D:2      | Learned a level 3 spell: Swiftness
  2390 | D:2      | Found an ornate altar of the Wu Jian Council.
  2933 | D:3      | You fall into a shaft and drop 1 floor!
  2941 | D:3      | Found a faded altar of an unknown god.
  2978 | D:3      | Reached XP level 5. HP: 28/28 MP: 7/9
  3503 | D:3      | Found an ancient bone altar of Kikubaaqudgha.
  3503 | D:3      | Found a broken altar of Ashenzari.
  3693 | D:4      | Found a staircase to the Ecumenical Temple.
  3697 | Temple   | Entered the Ecumenical Temple
  4260 | D:4      | Reached XP level 6. HP: 31/32 MP: 5/10
  4544 | D:4      | Found a glowing silver altar of Zin.
  5252 | D:5      | Entered Level 5 of the Dungeon
  5702 | D:5      | Reached skill level 10 in Air Magic
  5702 | D:5      | Gained mutation: Your magical flight helps you evade
                  | attacks. (EV +4) [Tengu growth]
  5702 | D:5      | Reached XP level 7. HP: 16/36 MP: 6/11
  5802 | D:5      | Found a radiant altar of Vehumet.
  5806 | D:5      | Became a worshipper of Vehumet
  6045 | D:5      | Reached skill level 1 in Fighting
  6106 | D:5      | Learned a level 4 spell: Airstrike
  6707 | D:5      | Reached XP level 8. HP: 46/46 MP: 2/12
  6807 | D:5      | Reached skill level 5 in Dodging
  7111 | D:5      | Reached * piety under Vehumet
  7111 | D:5      | Offered knowledge of Sandblast by Vehumet.
  7309 | D:6      | Found Jaegetwe's Book Boutique.
  7352 | D:6      | Reached skill level 5 in Fighting
  7468 | D:6      | Noticed Sigmund
  7471 | D:6      | Killed Sigmund
  7709 | D:6      | Reached XP level 9. HP: 55/55 MP: 2/13
  7880 | D:6      | Found Jod Neibb's CLEARANCE SALE!.
  7883 | D:6      | Bought a potion of curing for 9 gold pieces
  7883 | D:6      | Bought 3 scrolls of identify for 18 gold pieces
  7883 | D:6      | Bought a scroll of vulnerability for 12 gold pieces
  7902 | D:6      | Noticed Grinder
  7906 | D:6      | Killed Grinder
  8032 | D:6      | Identified the ring "Ukienigg" {rPois rF+ Will+ Int+2
                  | Dex-5}
  8526 | D:7      | Found a flagged portal.
  8536 | Bailey   | Entered a bailey
  9022 | Bailey   | Reached ** piety under Vehumet
  9022 | Bailey   | Offered knowledge of Foxfire by Vehumet.
  9100 | Bailey   | Reached XP level 10. HP: 64/64 MP: 4/14
  9600 | Bailey   | Reached skill level 10 in Dodging
  9749 | Bailey   | Got Egedur's Folio of Transportation and Bombardment
  9750 | Bailey   | Noticed an orc knight
  9803 | Bailey   | Killed an orc knight
  9999 | Bailey   | Identified the +0 pair of gloves of the Game Afoot {rPois
                  | Regen+ Str+6}
 10014 | Bailey   | Acquired a manual of Staves
 11182 | D:8      | Reached skill level 10 in Fighting
 11255 | D:8      | Learned a level 4 spell: Summon Lightning Spire
 11356 | D:8      | Found a staircase to the Lair.
 11367 | D:8      | Reached skill level 1 in Summonings
 11590 | D:8      | Reached skill level 1 in Shields
 11662 | D:8      | Noticed a two-headed ogre
 11676 | D:8      | Killed a two-headed ogre
 11677 | D:8      | Reached XP level 11. HP: 37/72 MP: 7/18
 11750 | D:8      | Offered knowledge of Inner Flame by Vehumet.
 11898 | D:8      | Reached *** piety under Vehumet
 12415 | D:9      | Reached skill level 5 in Shields
 12530 | D:9      | Noticed a two-headed ogre
 12541 | D:9      | Killed a two-headed ogre
 12930 | D:9      | Identified the ring of New Discoveries {rF+ Will+ Str+3
                  | Int+6}
 13900 | D:10     | Entered Level 10 of the Dungeon
 13982 | D:10     | Offered knowledge of Mephitic Cloud by Vehumet.
 13995 | D:10     | Learned a level 3 spell: Mephitic Cloud
 14483 | D:10     | Found an ornate altar of the Wu Jian Council.
 14865 | D:11     | Noticed a two-headed ogre
 14871 | D:11     | Killed a two-headed ogre
 14965 | D:11     | Noticed a cyclops
 14966 | D:11     | Noticed a deep elf pyromancer
 14972 | D:11     | Killed a deep elf pyromancer
 14975 | D:11     | Killed a cyclops
 14975 | D:11     | Reached **** piety under Vehumet
 15070 | D:11     | Found a staircase to the Orcish Mines.
 15078 | D:11     | Reached skill level 10 in Shields
 15093 | D:11     | Offered knowledge of Iskenderun's Mystic Blast by Vehumet.
 15121 | D:11     | Reached XP level 12. HP: 77/77 MP: 10/19
 16096 | D:12     | Noticed a two-headed ogre
 16104 | D:12     | Killed a two-headed ogre
 16213 | D:12     | Noticed a two-headed ogre
 16217 | D:12     | Killed a two-headed ogre
 17250 | Lair:1   | Entered Level 1 of the Lair of Beasts
 17293 | Lair:1   | Identified the +0 ring mail of Spaghetti {+Blink}
 17682 | Lair:1   | Reached skill level 5 in Spellcasting
 17780 | Lair:1   | Noticed Urug
 17792 | Lair:1   | Killed Urug
 18208 | Lair:1   | HP: 1/77 [elephant (6)]
 18804 | Lair:2   | Reached ***** piety under Vehumet
 18982 | Lair:2   | Offered knowledge of Olgreb's Toxic Radiance by Vehumet.
 18983 | Lair:2   | Reached XP level 13. HP: 82/82 MP: 16/24
 19132 | Lair:2   | Learned a level 5 spell: Fireball
 19186 | Lair:2   | Found a hole to the Spider Nest.
 19327 | Lair:2   | Reached skill level 1 in Fire Magic
 19497 | Lair:2   | Found a staircase to the Swamp.
 19911 | Lair:2   | Learned a level 5 spell: Freezing Cloud
 20015 | Lair:3   | Reached skill level 5 in Conjurations
 20228 | Lair:3   | Reached skill level 5 in Fire Magic
 20509 | Lair:3   | Reached skill level 1 in Shapeshifting
 21909 | Lair:4   | Reached skill level 5 in Shapeshifting
 22324 | Lair:4   | Reached XP level 14. HP: 82/88 MP: 15/27
 22395 | Lair:4   | Offered knowledge of Plasma Beam by Vehumet.
 23148 | Lair:4   | Learned a level 6 spell: Plasma Beam
 23312 | Lair:5   | Entered Level 5 of the Lair of Beasts
 24075 | Lair:5   | Noticed Nessos
 24207 | Lair:5   | Nessos changed into Nessos the faun
 24207 | Lair:5   | Noticed Nessos
 24210 | Lair:5   | Killed Nessos the faun
 24301 | Lair:5   | Found an ornate altar of the Wu Jian Council.
 25305 | Lair:5   | Identified the amulet of Ferchuelo {Faith Int+3}
 25684 | Lair:5   | Reached skill level 10 in Shapeshifting
 25863 | Lair:5   | Found a staircase to the Slime Pits.
 25863 | Lair:5   | Found a viscous altar of Jiyva.
 26116 | Lair:5   | Offered knowledge of Starburst by Vehumet.
 26360 | Lair:5   | Found a hide-covered altar of Uskayaw.
 27383 | Orc:1    | Entered Level 1 of the Orcish Mines
 27406 | Orc:1    | Reached XP level 15. HP: 92/92 MP: 19/28
 27480 | Orc:2    | Entered Level 2 of the Orcish Mines
 27480 | Orc:2    | Found Dekizxowk's Distillery.
 27480 | Orc:2    | Found Kibuo's Weapon Shoppe.
 27480 | Orc:2    | Found a staircase to the Elven Halls.
 27620 | Orc:2    | Slain by an ogre

Illustrated notes

Levels and vault maps discovered:
D:1:      zelgadis_glass_arrival_small, layout_loops_corners
D:2:      layout_rooms, basic_altar, minmay_misc_feat_nine_boxes
D:3:      layout_loops_ring, gammafunk_temple_overflow_wave,
          chequers_ecumenical_altar_island, chequers_avenue
D:4:      minmay_chambers_of_threes, layout_basic, kennysheep_mini,
          minmay_temple_entry_grid, lemuel_flame_loot_1
D:5:      minmay_polygon_palace, layout_basic, vehumet_crystals
D:6:      layout_rooms, nicolae_take_the_stairs, nicolae_shop_clearance,
          uniq_grinder, uniq_sigmund
D:7:      layout_rooms, enter_bailey_3
D:8:      layout_loops_corners, erik_lair_dragon, nicolae_straight_to_the_point
D:9:      layout_grid_maze
D:10:     layout_rooms, nicolae_wu_jian_glorious_leap
D:11:     layout_cross, erik_orc_1
D:12:     layout_small_grid
Temple:   bh_familiar_temple
Lair:1:   layout_roguey, uniq_urug
Lair:2:   layout_gridlike, swamp_mist, spider_nest_entry_a, st_stairs_4,
          dreamdust_deal_with_the_devil, dreamdust_mushroom_princess
Lair:3:   minmay_lair_oklob_tunnel, layout_regular_city, beast_lair_carwin_8,
          grunt_megastairs_2
Lair:4:   layout_hall_layers, special_room [special_room_bee],
          serial_bayou_crossing, grunt_megastairs_5
Lair:5:   minmay_lair_end_frog_pond, layout_cellular_growth,
          nicolae_slime_entry_slimehenge, nzn_masters_of_martial_movement,
          uniq_nessos
Orc:1:    layout_diamond_mine, enter_volcano_2, mines4_lemuel
Orc:2:    st_orc_open, layout_caves, serial_shops, statue_bzr,
          okawaru_metal_pillars_1_2

Skill      XL: |  1  2  3  4  5  6  7  8  9 10 11 12 13 14 15 |
---------------+----------------------------------------------+-----
Air Magic      | 5 6 7 8 10 12 | 12.0
Fighting       | 3 5 8 10 | 10.0
Dodging        | 4 6 9 10 | 10.4
Spellcasting   | 4 6 8 |  8.5
Summonings     | 3 |  3.0
Shields        | 4 10 12 | 12.0
Conjurations   | 6 |  6.0
Fire Magic     | 6 |  6.0
Shapeshifting  | 5 10 11 | 11.3
Stealth        | |  2.0

Action                     |  1- 3 |  4- 6 |  7- 9 | 10-12 | 13-15 || total
---------------------------+-------+-------+-------+-------+-------++-------
  Melee: Short sword       |     8 |    24 |    51 |       |       ||    83
         Kick              |     4 |     5 |    28 |    39 |    60 ||   136
         Peck              |     3 |     3 |    10 |    19 |    30 ||    65
         Trident           |       |       |    31 |    99 |    47 ||   177
         Unarmed           |       |       |     8 |       |       ||     8
         Staff             |       |       |       |       |   101 ||   101
   Cast: Shock             |    80 |   133 |   120 |   223 |    27 ||   583
         Static Discharge  |     6 |    10 |    32 |    53 |    19 ||   120
         Airstrike         |       |       |    23 |    87 |    90 ||   200
         Summon Lightning  |       |       |       |    40 |    44 ||    84
         Freezing Cloud    |       |       |       |       |   115 ||   115
         Fireball          |       |       |       |       |     8 ||     8
         Mephitic Cloud    |       |       |       |       |     3 ||     3
         Plasma Beam       |       |       |       |       |    21 ||    21
         Swiftness         |       |       |       |       |     1 ||     1
  Evoke: Wand              |       |       |     5 |    19 |     6 ||    30
         Phantom mirror    |       |       |       |     1 |       ||     1
    Use: Scroll            |     1 |    10 |     7 |     4 |    10 ||    32
         Potion            |       |       |     5 |     2 |     1 ||     8
   Stab: Sleeping          |       |     1 |       |     1 |       ||     2
         Paralysed         |       |       |       |     4 |       ||     4
         Distracted        |       |       |       |     3 |     2 ||     5
         Confused          |       |       |       |       |     2 ||     2
 Armour: Robe              |    18 |    41 |   128 |    70 |       ||   257
         Skin              |       |       |    15 |       |       ||    15
         Steam dragon scal |       |       |       |    90 |   142 ||   232
  Dodge: Dodged            |    11 |    25 |   206 |   214 |   214 ||   670
  Block: Kite shield       |       |       |       |    72 |   162 ||   234

Table legend: (Time is in decaauts)
 A = Elapsed time spent in this place.
 B = Non-inter-level travel time spent in this place.
 C = Inter-level travel time spent in this place.
 D = Time resting spent in this place.
 E = Time spent auto-exploring this place.
 F = Levels seen in this place.
 G = Mean time per level.
                   A        B        C        D        E       F      G
               +--------+--------+--------+--------+--------+-----+--------+
         Total |  27762 |  26810 |    952 |   4482 |  18805 |  21 | 1322.0 |
       Dungeon |  16016 |  15367 |    649 |   1236 |  12269 |  12 | 1334.7 |
        Temple |      1 |      1 |      0 |      0 |      0 |   1 |    1.0 |
          Lair |  10017 |   9718 |    299 |   2575 |   5786 |   5 | 2003.4 |
  Orcish Mines |    241 |    237 |      4 |     83 |     83 |   2 |  120.5 |
        Bailey |   1485 |   1485 |      0 |    588 |    667 |   1 | 1485.0 |
               +--------+--------+--------+--------+--------+-----+--------+

Top non-repeatable levels by time:
  Lair:5: 2815 daAuts
  Lair:4: 2716 daAuts
     D:5: 2049 daAuts
     D:8: 1933 daAuts
     D:1: 1819 daAuts
  Lair:3: 1765 daAuts
     D:9: 1648 daAuts
     D:4: 1624 daAuts
    D:12: 1519 daAuts
  Lair:2: 1500 daAuts
  Bailey: 1485 daAuts
  Lair:1: 1220 daAuts
     D:6: 994 daAuts
    D:11: 978 daAuts
     D:3: 953 daAuts
